Map: Blackpink LE

Players

IIIIIIIIIIII

  • Race: Terran Terran
  • League: Master
  • Spawn Location: 1:00

Tocon - Winner!

  • Race: Terran Terran
  • League: Master
  • Spawn Location: 7:00

VOD

Have the link to the VOD?

Description

Time

  • Played on: Jan. 17, 2018, 4:29 p.m.
  • Length: 9:04
Show
View Real Time Build Order
Export as new Build Order

IIIIIIIIIIII Terran 

Build Orders: Liberator Opening, Reaper Expand, MMM Bio 

Get SALT Encoding   

  12  0:00  SCV  
  13  0:13  SCV  
  14  0:17  Supply Depot  
  14  0:25  SCV  
  15  0:39  SCV  
  16  0:42  Barracks  
  16  0:47  Refinery  
  16  0:51  SCV  
  17  1:03  SCV  
  18  1:15  SCV  
  19  1:30  Orbital Command  
  19  1:31  Reaper  
  20  1:39  Command Center  
  20  1:52  Supply Depot  
  20  1:53  Refinery  
  20  1:56  SCV  
  21  2:04  Barracks Tech Lab  
  22  2:08  SCV  
  22  2:17  Factory  
  22  2:20  SCV  
  22  2:30  Concussive Shells  
  22  2:31  Marauder  
  22  2:32  SCV  
  24  2:49  SCV  
  24  2:54  Marauder  
  24  2:58  Orbital Command  
  25  3:03  Starport  
  25  3:04  Hellion  
  27  3:06  SCV  
  28  3:18  SCV  
  28  3:29  SCV  
  28  3:31  SCV  
  28  3:41  SCV  
  28  3:43  SCV  
  30  3:49  Stimpack, Marine  
  30  3:54  SCV  
  30  3:55  SCV, Barracks  
  33  3:57  Liberator  
  33  3:58  Barracks  
  31  4:07  SCV x2  
  36  4:17  Factory Tech Lab  
  36  4:18  Marine  
  36  4:19  SCV x2  
  39  4:31  SCV  
  39  4:32  SCV  
  41  4:39  Marine  
  41  4:41  Siege Tank  
  41  4:43  SCV, Barracks Reactor  
  41  4:45  Barracks Reactor  
  46  4:49  Supply Depot  
  46  4:51  Supply Depot  
  46  4:53  Supply Depot  
  46  5:11  SCV x2, Marine  
  46  5:12  Starport Reactor, Supply Depot  
  49  5:21  Marine x4  
  50  5:23  SCV x2  
  50  5:27  Engineering Bay  
  55  5:30  Marine  
  55  5:35  SCV  
  54  5:39  Marine x3  
  55  5:48  Marine  
  53  5:57  Marine  
  53  6:02  Missile Turret  
  54  6:05  SCV  
  54  6:06  SCV  
  56  6:15  Missile Turret  
  56  6:18  SCV  
  55  6:21  Refinery  
  55  6:22  Combat Shields  
  55  6:23  Marine  
  55  6:24  Marine x4  
  56  6:35  SCV x2  
  57  6:41  Marine x2  
  59  6:47  SCV x2  
  59  6:49  Medivac x2  
  64  6:59  SCV x2, Supply Depot  
  66  7:06  Marine x4  
  66  7:07  Marine  
  71  7:11  SCV x2  
  71  7:14  Barracks  
  73  7:16  Barracks  
  73  7:18  Supply Depot  
  73  7:22  Refinery  
  73  7:27  SCV x2  
  75  7:33  Marine x3  
  75  7:34  Marine x2  
  80  7:41  Refinery  
  80  7:48  Supply Depot  
  80  7:51  Marine x3  
  84  7:52  Marine x2  
  84  7:53  Medivac  
  84  7:54  Medivac  
  76  8:23  Siege Tank, Barracks Reactor x2  
  76  8:24  Marine x5  
  84  8:37  Supply Depot  
  86  8:41  Marine  
  86  8:42  Marine x4  
  86  8:45  Supply Depot x2  
Show
View Real Time Build Order
Export as new Build Order

Tocon Terran - Winner!

Build Orders: Reaper Expand, MMM Bio, Banshee Rush 

Get SALT Encoding   

  12  0:00  SCV  
  13  0:13  SCV  
  14  0:17  Supply Depot  
  14  0:25  SCV  
  15  0:28  Refinery  
  15  0:39  SCV  
  16  0:45  Barracks  
  16  0:51  SCV  
  17  1:03  SCV  
  18  1:15  SCV  
  19  1:32  Reaper, Orbital Command  
  20  1:43  Command Center  
  20  1:54  Factory  
  20  1:58  SCV  
  21  2:05  Supply Depot  
  21  2:08  Reaper  
  22  2:12  SCV  
  22  2:15  Refinery  
  23  2:26  SCV  
  24  2:38  SCV  
  24  2:40  Hellion  
  27  2:49  Marine  
  27  2:50  SCV  
  27  2:51  Starport  
  29  3:01  Orbital Command  
  29  3:03  SCV  
  30  3:07  Cyclone  
  30  3:08  Marine  
  34  3:15  SCV  
  33  3:35  SCV  
  33  3:36  SCV, Barracks Reactor  
  33  3:38  Starport Tech Lab  
  33  3:47  SCV  
  37  3:48  SCV  
  37  3:49  Supply Depot  
  38  3:56  Banshee  
  38  3:57  Cloaking Field  
  38  3:59  SCV  
  38  4:00  SCV  
  40  4:06  Supply Depot  
  40  4:08  Cyclone  
  43  4:11  SCV  
  43  4:13  SCV  
  45  4:21  Barracks x2  
  45  4:23  SCV, Marine x2  
  48  4:25  SCV  
  48  4:28  Supply Depot  
  49  4:31  Engineering Bay  
  49  4:33  Supply Depot  
  49  4:35  SCV  
  50  4:39  Banshee  
  50  4:41  Factory Tech Lab  
  50  4:44  SCV  
  54  4:49  SCV  
  54  4:50  Marine x2  
  57  4:53  Supply Depot  
  57  4:57  Terran Infantry Weapons Level 1  
  57  4:58  SCV  
  58  5:04  SCV  
  58  5:06  Refinery  
  58  5:07  Refinery  
  59  5:10  Barracks Tech Lab, Supply Depot  
  59  5:12  SCV  
  60  5:17  SCV  
  60  5:20  Supply Depot  
  61  5:24  SCV  
  62  5:30  SCV  
  62  5:31  Marine  
  62  5:32  Marine x3  
  62  5:33  Starport Reactor  
  67  5:36  SCV  
  67  5:39  Stimpack, Combat Shields  
  67  5:42  SCV  
  69  5:48  SCV, Supply Depot  
  69  5:49  Marine, Supply Depot  
  65  5:53  Marine x2  
  65  5:54  SCV  
  62  6:00  SCV  
  63  6:06  SCV  
  63  6:07  Marine  
  66  6:12  Missile Turret x2, Marine x2  
  66  6:17  SCV  
  65  6:19  Siege Tank  
  65  6:23  SCV  
  69  6:26  Marine  
  69  6:29  SCV  
  69  6:32  Marine x2  
  72  6:33  Medivac x2  
  77  6:43  Marine  
  75  6:48  SCV  
  75  6:49  SCV  
  75  6:50  Barracks x2, Marine  
  78  6:54  Terran Infantry Armor Level 1  
  78  7:00  Supply Depot  
  78  7:01  Marine x2, Supply Depot  
  78  7:04  Siege Tank  
  78  7:08  Marine  
  84  7:09  Medivac  
  84  7:14  Marine, Medivac  
  89  7:19  Marine  
  89  7:20  SCV  
  91  7:23  SCV  
  91  7:24  Factory  
  91  7:26  Marine  
  93  7:31  Barracks Reactor  
  93  7:32  SCV, Armory, Marine  
  93  7:35  SCV, Engineering Bay  
  93  7:36  Marine  
  96  7:41  Barracks Reactor  
  96  7:42  Barracks Reactor  
  97  7:47  Marine  
  99  7:52  Siege Tank, Medivac  
  103  7:59  Command Center, Marine x2  
  103  8:05  Marine  
  104  8:10  Marine x2  
  101  8:13  Medivac  
  101  8:16  Marine  
  101  8:17  Marine  
  101  8:18  Marine x2  
  101  8:19  Marine x2  
  108  8:23  Marine  
  109  8:27  Siege Tank  
  109  8:28  Marine x2  
  109  8:30  Siege Tank  
  109  8:32  SCV  
  118  8:34  Marine  
  118  8:36  Marine x2  
  118  8:37  Marine  
  118  8:38  Marine x2  
  118  8:41  Marine  
  125  8:45  Marine  
  125  8:46  Marine  
Tags
 
Add a new tag
Caveats
  • Supply blocks, unpowered buildings, or Contaminate may cause inaccurate times.
  • Supply counts are checked every 10 seconds.